Unix NetHack Version 5.0.0-0 post-release - last build Jun 10 2026 00:39:30 (3ee93aec679c4c4259841fe613dc97188e26a321,branch:main).

Game began 2026-06-13 00:57:09, ended 2026-06-13 17:09:49.

ARFwashere, chaotic male human Priest

                        ----------
      -----             |........|                    |
      |)@rr#           #-........|              ......+
      |[%@|#           #|.........     ...............|
      |[fu|#           #--------.-      -------+-------
      |[[.|#           #        #
      -----#           #        #
           ###         #        #
             #        ##        #
             #        #         #
             #   -----#         #
             #   |...|#         #
             ### |...-#         #
               # |(.>|       ---.-
               ##....|       |...|
                 -----       |...|
                             |...|
                             |.<.+
                             -----

ARFwashere the Acolyte       St:11 Dx:12 Co:13 In:7 Wi:18 Ch:15  Chaotic
Dlvl:8  $:88 HP:0(43) Pw:64(64) AC:5  Xp:5 T:3071  Burdened

Latest messages:
 What do you want to drink? [dijmnstvBJ or ?*] ?
 You feel much better.
 The rabid rat bites!
 The giant rat misses!
 The wererat misses!
 The pony misses the rabid rat.
 The pony misses the rabid rat.
 The pony misses the rabid rat.
 The pony bites the rabid rat.
 The rabid rat misses the pony.
 The rabid rat bites!
 The giant rat bites!
 The wererat bites!
 The pony misses the rabid rat.
 The pony misses the rabid rat.
 The kitten bites the rabid rat.
 The rabid rat misses the kitten.
 The kitten bites the rabid rat.
 You miss the wererat.
 The rabid rat bites!
 The giant rat bites!
 The wererat bites!
 The pony misses the rabid rat.
 The pony misses the rabid rat.
 The kitten misses the rabid rat.
 You miss the wererat.
 The rabid rat bites!
 The giant rat bites!
 The wererat bites!
 The pony misses the rabid rat.
 The pony misses the rabid rat.
 The kitten misses the rabid rat.
 You stop.  Your kitten is in the way!
 The rabid rat bites!
 The giant rat bites!
 The wererat just misses!
 The pony misses the rabid rat.
 The pony misses the rabid rat.
 The kitten misses the rabid rat.
 The kitten bites the rabid rat.
 The rabid rat is killed!
 The giant rat bites!
 The wererat bites!
 You die...
 Yildizeli gratefully inherits all your possessions.
 Do you want to see what you had when you died? [ynq] (y) y
 Do you want to see your attributes? [ynq] (y) y
 Do you want an account of creatures vanquished? [ynaq] (y) n
 Do you want to see your conduct and achievements? [ynq] (y) n
 Do you want to see the dungeon overview? [ynq] (y) n

Inventory:
 Coins    ('$')
  $ - 88 gold pieces
 Weapons  (')')
  p - a +0 sling (alternate weapon; not wielded)
  y - a +0 elven dagger
  a - a blessed +1 mace (weapon in right hand)
 Armor    ('[')
  c - a +0 small shield (being worn)
  b - a +0 robe (being worn)
  w - a +0 Hawaiian shirt with a parrot motif (being worn)
  H - a +0 leather armor (being worn)
 Comestibles  ('%')
  e - a clove of garlic
  z - a melon
  D - a pancake
  f - a sprig of wolfsbane
  x - 2 tripe rations
 Scrolls  ('?')
  A - 2 cursed scrolls of blank paper
  l - a scroll of create monster
 Spellbooks  ('+')
  I - a spellbook of force bolt
  r - a spellbook of healing
  h - a spellbook of light
  g - a spellbook of protection
 Potions  ('!')
  i - a potion of booze
  s - a potion of enlightenment
  v - a potion of extra healing
  j - a potion of gain ability
  n - a potion of gain energy
  t - a potion of healing
  m - a blessed potion of object detection
  B - a potion of speed
  d - 4 potions of holy water
 Wands    ('/')
  u - a wand of fire (0:4)
 Tools    ('(')
  K - a brass lantern
  k - a skeleton key
  o - a tin whistle
 Gems/Stones  ('*')
  F - an agate stone
  E - a worthless piece of black glass
  C - a worthless piece of orange glass
  G - a worthless piece of white glass
  L - a worthless piece of yellow glass
  M - 2 worthless pieces of yellowish brown glass
  q - a rock

ARFwashere the Priest's attributes:

Background:
 You were an Acolyte, a level 5 human Priest.
 You were chaotic, on a mission for Loki
 who was opposed by Tyr (lawful) and Odin (neutral).
 You were right-handed.
 You were in the Dungeons of Doom, on level 8.
 You entered the dungeon 3071 turns ago.
 You had 194 experience points, 126 more were needed to attain level 6.

Basics:
 You had 0 out of 43 hit points.
 You had all 64 energy points (spell power).
 Your armor class was 5.
 Your wallet contained 88 zorkmids.
 Autopickup was on, but temporarily disabled while inside the shop.

Final Characteristics:
 Your strength was 11 (limit:18/100).
 Your dexterity was 12 (limit:18).
 Your constitution was 13 (limit:18).
 Your intelligence was 7 (limit:18).
 Your wisdom was 18 (limit:18).
 Your charisma was 15 (limit:18).

Final Status:
 You weren't hungry.
 You were burdened; movement was slightly slowed.
 You were wielding a mace.
 You had basic skill with mace.

Final Attributes:
 You were piously aligned.
 You were level-drain resistant.
 You were guarded.
 Your spell casting was enhanced by wearing a robe.
 You were a wererat.
 You were harmed by silver.
 You are dead.

Miscellaneous:
 You didn't encounter any bones levels.
 Total elapsed playing time was 33 minutes and 35 seconds.

Major events:
 Turn
    1: ARFwashere the chaotic human Priest entered the dungeon
  607: entered the Gnomish Mines
  989: attained the rank of Acolyte (level 3)
 3071: killed by a wererat

Spells:
 Name                 Level Category     Fail Retention
 protection             1   clerical       0%   81%-90%
 light                  1   clerical       0%   81%-90%

Skills:
 Fighting Skills
   bare handed combat [Unskilled]
 Weapon Skills
   club               [Unskilled]
   mace               [Basic]
   morning star       [Unskilled]
   flail              [Unskilled]
   hammer             [Unskilled]
   quarterstaff       [Unskilled]
   polearms           [Unskilled]
   spear              [Unskilled]
   trident            [Unskilled]
   lance              [Unskilled]
   bow                [Unskilled]
   sling              [Unskilled]
   crossbow           [Unskilled]
   dart               [Unskilled]
   shuriken           [Unskilled]
   boomerang          [Unskilled]
   unicorn horn       [Unskilled]
 Spellcasting Skills
   healing spells     [Unskilled]
   divination spells  [Unskilled]
   clerical spells    [Basic]

Voluntary challenges:
 Character rerolling was not enabled.
 You never genocided any monsters.
 You never polymorphed an object.
 You never changed form.
 You used no wishes.
Achievements:
 You entered a shop.
 You entered the Gnomish Mines.
 You attained the rank of Acolyte.

 The Dungeons of Doom: levels 1 to 8
    Level 1:
    Level 2:
       A ring shop, a fountain.
       Stairs down to The Gnomish Mines.
    Level 3:
    Level 4:
       A general store.
    Level 5:
       A fountain, a sink.
    Level 6:
       A sink.
    Level 7:
    Level 8: <- You were here.
       An armor shop.
       Final resting place for
          you, killed by a wererat.
 The Gnomish Mines:
    Level 3:


Vanquished creatures:
  a small mimic
  a wood nymph
  a yellow light
  a shrieker
  2 ghouls
  a straw golem
  a little dog
  a floating eye
  a kobold leader
  4 rabid rats
  2 iguanas
 an acid blob
  2 hobbits
  a large kobold
  2 hobgoblins
  2 giant rats
  a cave spider
  2 yellow molds
  a garter snake
  2 geckos
  7 jackals
  a fox
  2 sewer rats
  3 grid bugs
  5 lichens
  5 newts
53 creatures vanquished.

No species were genocided or became extinct.

Game over:
                       ----------
                      /          \
                     /    REST    \
                    /      IN      \
                   /     PEACE      \
                  /                  \
                  |    ARFwashere    |
                  |       0 Au       |
                  |   killed by a    |
                  |     wererat      |
                  |                  |
                  |                  |
                  |       2026       |
                 *|     *  *  *      | *
        _________)/\\_//(\/(/\)/\//\/|_)_______

Goodbye ARFwashere the Priest...

You died in The Dungeons of Doom on dungeon level 8 with 1146 points,
and 0 pieces of gold, after 3071 moves.
You were level 5 with a maximum of 43 hit points when you died.

